[Event "*** Titled Tuesday Blitz"]
[Site "Chess.com"]
[Date "2020.02.04"]
[Round "6"]
[White "VALPARAISO37"]
[Black "dragos420"]
[Result "1/2-1/2"]
[WhiteElo "2265"]
[BlackElo "2479"]
[TimeControl "180+2"]
[EndTime "14:22:51 PST"]
[Termination "Game drawn - timeout vs insufficient material"]

1. d4 Nf6 2. c4 e6 3. Nc3 Bb4 4.
a3 Bxc3+ 5. bxc3 O-O 6. e3 b6 7. Bd3 Ba6 8. Nf3 Nc6 9. e4 d5 10. e5 Ne4 11. cxd5 Bxd3 12. Qxd3 exd5 13. O-O Na5 14. a4 Nc4 15. Ne1 Ng5 16. Qg3 Ne6 17. Nd3 f5 18. h3 Qd7 19. Bh6 Rae8 20. Bc1 c5 21. Nf4 cxd4 22. Nxe6 Rxe6 23. cxd4 Rg6 24.
Qf3 f4 25. Kh1 Rf5 26. Ra2 Qf7 27. Re1 Rc6 28. Rae2 Qe6 29. Qg4 h5 30. Qf3 a6 31.
Ra2 Qf7 32. Rae2 Qe6 33. Ra2 b5 34. axb5 axb5 35. Ra7 Kh7 36. Bxf4 Qg6 37. g3 b4 38. Qxd5 b3 39. Rb7 b2 40. Qe4 Rxf4 41. gxf4 Qxe4+ 42. Rxe4 Ra6 43. d5 Ra1+ 44. Kg2 Nd2 45. Rxb2 Nxe4 46.
d6 Rd1 47. f3 Nc5 48. Rc2 Ne6 49. f5 Nd4 50. Rc7 Nxf5 51. d7 Kg6 52. e6 Kf6 53.
Rc8 Rd2+ 54. Kf1 Kxe6 55. d8=Q Rxd8 56. Rxd8 Kf6 57. Kf2 Kg5 58. Re8 g6 59. Re4 Nd6 60. h4+ Kf6 61. Ra4 Nf5 62. Ra6+ Kg7 63. Ra4 Kf6 64. Re4 Kf7 65. Rf4 Kf6 66. Ra4 Kf7 67. Ke2 Kf6 68. Rb4 Kf7 69. Kd2 Kf6 70. Re4 Ng3 71.
Ra4 Nf5 72. Kc3 Ke6 73. Re4+ Kf6 74. Kb4 g5 75. hxg5+ Kxg5 76. Rc4 h4 77. Rxh4 Nxh4 78. f4+ Kf5 1/2-1/2

[Event "*** Titled Tuesday Blitz"]
[Site "Chess.com"]
[Date "2020.02.04"]
[Round "6"]
[White "Pultis"]
[Black "Shant_Sargsyan"]
[Result "0-1"]
[WhiteElo "2733"]
[BlackElo "2995"]
[TimeControl "180+2"]
[EndTime "14:23:23 PST"]
[Termination "Shant_Sargsyan won by resignation"]

1. d4 Nf6 2. c4 e6 3. Nf3 d5 4.
Qc2 c5 5. dxc5 Bxc5 6. cxd5 Na6 7. e3 Qxd5 8. Nc3 Qd8 9. a3 O-O 10. Bd3 b6 11. Ne5 Bb7 12. O-O Bd6 13. Nc4 Nc5 14.
Nxd6 Qxd6 15. Be2 Rac8 16. Rd1 Qb8 17. Bd2 Nce4 18. Be1 Nxc3 19. bxc3 Qe5 20. c4 Ne4 21. f3 Nc5 22. e4 Rfd8 23. Bg3 Qg5 24. Bf2 h5 25.
Rxd8+ Rxd8 26. Rd1 Rxd1+ 27. Qxd1 Qe7 28. h4 e5 29. Be3 Ne6 30. Qa4 Bc8 31. g3 Kh7 32.
Qb4 Qc7 33. Kf2 f6 34. Qd2 Qe7 35. Qb4 Qd8 36. Qd2 Qe7 37. Qb4 Qc7 38. a4 Nc5 39. a5 Be6 40. axb6 axb6 41. Qb5 Bf7 42. Qb1 Qd6 43. Qc2 Be8 44. Qb2 Bf7 45. Kf1 g6 46.
Qb4 Kg7 47. Qc3 Be6 48. Bf2 Kf7 49. Kg2 Qc6 50. Qc1 Kg7 51. Be3 Nb3 52. Bh6+ Kh7 53.
Qe3 Qc5 54. Qxb3 Kxh6 55. Qb2 Kg7 56. Qd2 Bf7 57. Qd7 Qe3 58. Kf1 Qc1+ 59. Kf2 Qc3 60.
Kf1 Qe3 61. Qc7 Qd4 62. Qe7 Qc5 63. Qxc5 bxc5 64. Kf2 g5 65. Ke3 Kf8 66. Kd3 Ke7 67.
Kc3 Kd6 68. Bd1 Be8 69. Be2 Ba4 70. Kd3 Kc7 71. Ke3 Be8 72. Kd3 Kb6 73. Kc3 Ka6 74. Bd1 Ka5 75. Be2 Ka4 76. Bd1+ Ka3 77. Be2 Ka2 78. Bd1 Kb1 79. Be2 Kc1 80. Kd3 Kb2 81.
Ke3 Kc3 82. f4 g4 83. Bf1 Bf7 84. Be2 Bxc4 85. Bd1 Bb3 86. Be2 Bf7 87. Bd1 c4 88. Ba4 Kb2 0-1

[Event "*** Titled Tuesday Blitz"]
[Site "Chess.com"]
[Date "2020.02.04"]
[Round "6"]
[White "Anton_Demchenko"]
[Black "Chigorinetz"]
[Result "1-0"]
[WhiteElo "2957"]
[BlackElo "2566"]
[TimeControl "180+2"]
[EndTime "14:23:50 PST"]
[Termination "Anton_Demchenko won on time"]

1. e4 c5 2. Nf3 Nc6 3. Bb5 g5 4. h3 Nf6 5. d3 h6 6. Nc3 Bg7 7. Be3 g4 8. Nh4 Nd4 9. Bc4 gxh3 10. g4 d5 11. Nxd5 Nxg4 12. Nf3 Nxe3 13. fxe3 b5 14. exd4 bxc4 15. Rg1 h2 16. Rh1 e6 17. Ne3 cxd3 18.
cxd3 Bxd4 19. Nc4 Rg8 20. Rxh2 Qf6 21. Qe2 Qf4 22. Rg2 Kf8 23. Rxg8+ Kxg8 24. Qg2+ Kh7 25. Ke2 Ba6 26. Rf1 Bxc4 27. Nxd4 Qg5 28. Qxg5 hxg5 29.
Nf3 Bxa2 30. Nxg5+ Kg7 31. Nxf7 c4 32. Ne5 cxd3+ 33. Kxd3 Rd8+ 34. Ke3 a6 35. Rf7+ Kg8 36. Rb7 Rd1 37. Rb6 a5 38. Rb5 a4 39. Rb8+ Kg7 40.
Rb7+ Kf8 41. Nd7+ Ke7 42. Nc5+ Kf6 43. Nxa4 Re1+ 44. Kf3 Ke5 45. Nc3 Bc4 46. Kf2 Rh1 47. Rc7 Bd3 48. Ke3 Rh3+ 49. Kd2 Ba6 50. Ra7 Bc4 51.
Rc7 Bf1 52. b4 Rh2+ 53. Ke3 Rh3+ 54. Kd2 Rh2+ 55. Kd1 Kd4 56. Ke1 Bd3 57. b5 Ke3 58. Nd1+ Kf3 59. Rc3 Re2+ 60. Kf1 Kxe4 61. Nf2+ Kf5 62.
Rxd3 Rb2 63. Rf3+ Kg6 64. Re3 Kf5 65. Ne4 Kf4 66. Re1 Rxb5 67. Nf2 e5 68. Ra1 e4 69. Ra4 Kf3 70. Ra3+ e3 71. Nd1 Rb1 72. Ke1 Kf4 73.
Ke2 Rc1 74. Ra4+ Ke5 75. Nxe3 Rb1 76. Kf3 Ke6 77. Ra5 Ke7 78. Ke4 Re1 79. Rh5 Re2 80.
Kd4 Re1 81. Nd5+ Kf7 82. Rh6 Kg7 83. Ra6 Re2 84. Nf4 Re1 85. Kd5 Kf7 86. Nd3 Re2 87. Ne5+ Kg7 88. Rg6+ Kh7 89. Rg1 Kh6 90. Ke6 Kh5 91.
Rg8 Rf2 92. Kd5 Re2 93. Kd4 Kh6 94. Kd5 Kh7 95. Rg3 Re1 96. Ke6 Rf1 97. Nf3 Ra1 98. Kf5 Rf1 99. Kf6 Rf2 100. Kf7 1-0

[Event "*** Titled Tuesday Blitz"]
[Site "Chess.com"]
[Date "2020.02.04"]
[Round "7"]
[White "colegiodemadrid"]
[Black "Sjakkerntobi"]
[Result "1-0"]
[WhiteElo "2356"]
[BlackElo "2250"]
[TimeControl "180+2"]
[EndTime "14:25:51 PST"]
[Termination "colegiodemadrid won by resignation"]

1. e4 c5 2. Nf3 e6 3. d4 cxd4 4. Nxd4 Nc6 5. Nc3 Qc7 6. Qd3 a6 7. Nxc6 bxc6 8. Qg3 e5 9. Bc4 Nf6 10. O-O g6 11. f4 exf4 12. Bxf4 Qb6+ 13. Be3 Bc5 14. Qe5+ 1-0

[Event "*** Titled Tuesday Blitz"]
[Site "Chess.com"]
[Date "2020.02.04"]
[Round "7"]
[White "vellottiwizard"]
[Black "Gahan-MG"]
[Result "1-0"]
[WhiteElo "2697"]
[BlackElo "2463"]
[TimeControl "180+2"]
[EndTime "14:27:53 PST"]
[Termination "vellottiwizard won by resignation"]

1. e4 Nf6 2. e5 Nd5 3. d4 d6 4. c4 Nb6 5. exd6 exd6 6. Bd3 Be7 7. Ne2 Bf6 8. b3 c5 9. Bb2 Nc6 10. O-O O-O 11. Nd2 cxd4 12. Ne4 Bg4 13. f3 Bf5 14. Nxf6+ Qxf6 15. Bxf5 Qxf5 16. Nxd4 Qf6 17. Qd2 Ne5 18.
Rac1 Rfd8 19. Nb5 d5 20. c5 Nbd7 21. f4 Qc6 22. Nd4 Qh6 23. Nf5 Qe6 24. fxe5 Nxe5 25. Qg5 1-0

[Event "*** Titled Tuesday Blitz"]
[Site "Chess.com"]
[Date "2020.02.04"]
[Round "7"]
[White "ChEsper99"]
[Black "Manukyan_Artak"]
[Result "1-0"]
[WhiteElo "2047"]
[BlackElo "2326"]
[TimeControl "180+2"]
[EndTime "14:27:59 PST"]
[Termination "ChEsper99 won by resignation"]

1. e4 c6 2. Nf3 d5 3. Nc3 Bg4 4. h3 Bxf3 5. Qxf3 Nf6 6. d4 dxe4 7.
Qe3 Nd5 8. Qxe4 Nxc3 9. bxc3 Qd5 10. Qxd5 cxd5 11. c4 dxc4 12. Bxc4 e6 13. O-O Nc6 14. d5 exd5 15. Bxd5 Rd8 16. Re1+ Be7 17. Bxc6+ bxc6 18. Ba3 Rd7 19. Rab1 O-O 20. Rxe7 Rxe7 21. Bxe7 Re8 22.
Rb7 f6 23. Rxa7 Kf7 24. Bc5+ Kg6 25. Be3 Re4 26. a4 Rc4 27. a5 Rxc2 28. a6 Ra2 29.
Ra8 c5 30. Bxc5 1-0

[Event "*** Titled Tuesday Blitz"]
[Site "Chess.com"]
[Date "2020.02.04"]
[Round "7"]
[White "kleinebeer98"]
[Black "iturrizaga"]
[Result "1-0"]
[WhiteElo "2724"]
[BlackElo "2849"]
[TimeControl "180+2"]
[EndTime "14:28:08 PST"]
[Termination "kleinebeer98 won by resignation"]

1. e4 c5 2. Nf3 e6 3. d4 cxd4 4. Nxd4 a6 5. Qd3 d6 6. c4 Nf6 7.
Nc3 g6 8. Bg5 Bg7 9. O-O-O O-O 10. Kb1 Nbd7 11. Be2 Qa5 12. h4 Nc5 13. Qe3 b5 14. e5 dxe5 15. Nc6 Qb6 16. Ne7+ Kh8 17. h5 gxh5 18. Bxf6 Bxf6 19. Rxh5 1-0

[Event "*** Titled Tuesday Blitz"]
[Site "Chess.com"]
[Date "2020.02.04"]
[Round "7"]
[White "DonBroca"]
[Black "MikeSailer"]
[Result "0-1"]
[WhiteElo "2142"]
[BlackElo "2117"]
[TimeControl "180+2"]
[EndTime "14:28:12 PST"]
[Termination "MikeSailer won by resignation"]

1. d4 d5 2. Bf4 Nf6 3. e3 Bf5 4. Nf3 e6 5. h3 Be7 6. Nc3 O-O 7. Be2 c5 8. O-O Nbd7 9. Nh4 Be4 10. Nxe4 dxe4 11. g3 Nd5 12. Ng2 g5 13. Be5 f6 14.
Bh5 fxe5 15. Qg4 Rf5 16. Nh4 N7f6 0-1

[Event "*** Titled Tuesday Blitz"]
[Site "Chess.com"]
[Date "2020.02.04"]
[Round "7"]
[White "tteshan"]
[Black "allvim"]
[Result "0-1"]
[WhiteElo "2261"]
[BlackElo "2420"]
[TimeControl "180+2"]
[EndTime "14:28:14 PST"]
[Termination "allvim won by resignation"]

1. e4 e6 2. d4 d5 3. exd5 exd5 4.
Bd3 Nf6 5. c3 Bd6 6. Ne2 O-O 7.
O-O h6 8. Bf4 Bg4 9. f3 Be6 10.
Bxd6 Qxd6 11. Qd2 Nbd7 12. Qf4 Qb6 13. Qc1 c5 14. dxc5 Nxc5 15. Qe3 Nxd3 16. Qxb6 axb6 17. b4 Bf5 18. a4 Rfe8 19. Nd4 Bg6 20. f4 Ne4 21.
Ra2 Rac8 22. Rf3 Nxc3 23. Nxc3 Rxc3 24. f5 Re1+ 25. Rf1 Rcc1 0-1

[Event "*** Titled Tuesday Blitz"]
[Site "Chess.com"]
[Date "2020.02.04"]
[Round "7"]
[White "Indianlad"]
[Black "Firouzja2003"]
[Result "0-1"]
[WhiteElo "2940"]
[BlackElo "3149"]
[TimeControl "180+2"]
[EndTime "14:28:22 PST"]
[Termination "Firouzja2003 won by resignation"]

1. e4 c5 2. Nc3 d6 3. f4 g6 4. Nf3 Bg7 5. Bc4 Nc6 6. O-O e6 7. d4 cxd4 8. Nb5 Nge7 9. Bb3 O-O 10. Nbxd4 Nxd4 11. Nxd4 Nc6 12. Be3 a6 13. c3 Bd7 14.
Qd2 Na5 15. f5 Nxb3 16. axb3 e5 17. Ne2 Bc6 18. Ng3 d5 19. f6 Bh8 20. exd5 Qxd5 21.
Qxd5 Bxd5 22. c4 Bc6 23. Bc5 Rfe8 24. Rad1 Re6 25. Rd6 Rae8 26. h4 Rxd6 27. Bxd6 Re6 28.
Be7 h5 29. Kf2 Bg7 30. Ke3 Bxg2 31. Rd1 Bxf6 32. Bxf6 Rxf6 33. Ne4 Rf3+ 34. Ke2 Rxb3 0-1

[Event "*** Titled Tuesday Blitz"]
[Site "Chess.com"]
[Date "2020.02.04"]
[Round "7"]
[White "victormago"]
[Black "Carnivoras"]
[Result "1-0"]
[WhiteElo "2430"]
[BlackElo "2545"]
[TimeControl "180+2"]
[EndTime "14:28:34 PST"]
[Termination "victormago won by resignation"]

1. d4 d5 2. c4 c6 3. Nc3 Nf6 4. cxd5 cxd5 5. Bf4 Nc6 6. e3 e6 7. Bd3 Bd6 8. Bxd6 Qxd6 9. f4 O-O 10. Nf3 a6 11.
Ne5 b5 12. O-O Bb7 13. Rf3 Ne7 14. Rh3 Ng6 15. g4 Ne4 16. Bxe4 dxe4 17. g5 Nxe5 18. fxe5 Qe7 19. Qh5 h6 20. gxh6 g6 21. Qg4 Rac8 22.
Rf1 b4 23. Nxe4 Rc2 24. Rg3 Qd7 25. Nf6+ 1-0

[Event "*** Titled Tuesday Blitz"]
[Site "Chess.com"]
[Date "2020.02.04"]
[Round "7"]
[White "Keaton87"]
[Black "AdrianaNikolova"]
[Result "1-0"]
[WhiteElo "2557"]
[BlackElo "2396"]
[TimeControl "180+2"]
[EndTime "14:28:34 PST"]
[Termination "Keaton87 won by checkmate"]

1. d4 d5 2. Bg5 c5 3. dxc5 Nc6 4.
e4 dxe4 5. Qxd8+ Nxd8 6. Nc3 f6 7. Be3 Bf5 8. O-O-O Bg6 9. Nb5 Kf7 10. Rd7 Bf5 11. Bc4+ Kg6 12. Ne2 Bxd7 13. Nf4+ Kf5 14. Rd1 Bxb5 15. Be6+ Nxe6 16. Rd5+ Kg4 17. h3+ Kh4 18.
g3# 1-0

[Event "*** Titled Tuesday Blitz"]
[Site "Chess.com"]
[Date "2020.02.04"]
[Round "7"]
[White "riconaipe"]
[Black "TigrVShlyape"]
[Result "0-1"]
[WhiteElo "2564"]
[BlackElo "2843"]
[TimeControl "180+2"]
[EndTime "14:28:43 PST"]
[Termination "TigrVShlyape won by resignation"]

1. d4 Nf6 2. c4 e6 3. Nf3 b6 4.
g3 a5 5. Bg2 Ba6 6. Nbd2 c6 7.
O-O d5 8. b3 Nbd7 9. Bb2 Bb4 10.
Rc1 O-O 11. a3 Be7 12. Ne5 Nxe5 13. dxe5 Nd7 14. Re1 Rc8 15. e4 dxc4 16. Nxc4 Bxc4 17. Rxc4 Qc7 18. f4 b5 19. Rc2 Nc5 20. Rd2 Rfd8 21.
Bd4 a4 22. bxa4 Nxa4 23. f5 Rxd4 24. Rxd4 Bc5 25. Kh1 Nb2 26. Rd7 Nxd1 27. Rexd1 Qxe5 28.
Rd8+ Rxd8 29. Rxd8+ Bf8 0-1

[Event "*** Titled Tuesday Blitz"]
[Site "Chess.com"]
[Date "2020.02.04"]
[Round "7"]
[White "Galiev_Azat"]
[Black "djano"]
[Result "0-1"]
[WhiteElo "2243"]
[BlackElo "2360"]
[TimeControl "180+2"]
[EndTime "14:28:58 PST"]
[Termination "djano won on time"]

1. d4 Nf6 2. Bf4 c5 3. e3 Qb6 4. Nc3 e6 5. a3 Nc6 6. Nb5 Nd5 7.
Bd6 a6 8. dxc5 Qd8 9. Qxd5 axb5 10. Qd2 Qf6 11. c3 Na5 12. Rd1 Nc4 13. Bxc4 bxc4 14.
Nf3 Ra6 15. Be5 Qg6 16. O-O Bxc5 0-1

[Event "*** Titled Tuesday Blitz"]
[Site "Chess.com"]
[Date "2020.02.04"]
[Round "7"]
[White "Sajkochess"]
[Black "secretsuperstar7"]
[Result "1-0"]
[WhiteElo "2304"]
[BlackElo "2212"]
[TimeControl "180+2"]
[EndTime "14:29:00 PST"]
[Termination "Sajkochess won by resignation"]

1. e4 c5 2. c3 Nf6 3. e5 Nd5 4.
d4 cxd4 5. cxd4 Nc6 6. Nf3 d6 7. Bc4 Nb6 8. Bb5 dxe5 9. Nxe5 Bd7 10. Bxc6 bxc6 11. Qf3 Be6 12. Qxc6+ Nd7 13. Nc3 Rc8 14. Qa4 f6 15. Nxd7 Qxd7 16. Qxd7+ Kxd7 17. Bf4 g5 18. Bg3 Bg7 19. O-O f5 20. Be5 Rhg8 21. Bxg7 Rxg7 22. d5 Bf7 23. Rfe1 Rg6 24. Re5 f4 25. Rae1 e6 26. dxe6+ Bxe6 27. Ne4 h6 28. Nc5+ Kd6 29. Nxe6 Re8 30. Rd5+ Kxd5 31. Nc7+ 1-0

[Event "*** Titled Tuesday Blitz"]
[Site "Chess.com"]
[Date "2020.02.04"]
[Round "7"]
[White "LogoCzar"]
[Black "AndrewDGreen"]
[Result "0-1"]
[WhiteElo "2501"]
[BlackElo "2265"]
[TimeControl "180+2"]
[EndTime "14:29:10 PST"]
[Termination "AndrewDGreen won by resignation"]

1. e4 c5 2. Nf3 g6 3. d4 cxd4 4. Nxd4 Nc6 5. c4 Nf6 6. Nc3 Nxd4 7. Qxd4 d6 8. Be2 Bg7 9. Bg5 O-O 10. Qd2 a5 11. Rc1 a4 12. O-O Qa5 13. f4 Be6 14. Kh1 Rfc8 15. f5 Bxc4 16. Bxc4 Rxc4 17. fxg6 hxg6 18.
Bxf6 Bxf6 19. Rxf6 exf6 20. Qxd6 Qe5 21. Qd2 Rac8 22. Rf1 a3 23. Nd5 axb2 24. Nb6 Rc1 0-1

[Event "*** Titled Tuesday Blitz"]
[Site "Chess.com"]
[Date "2020.02.04"]
[Round "7"]
[White "Darhild"]
[Black "reigningmvp"]
[Result "1-0"]
[WhiteElo "2710"]
[BlackElo "2331"]
[TimeControl "180+2"]
[EndTime "14:29:13 PST"]
[Termination "Darhild won by resignation"]

1. e4 e5 2. Nf3 Nc6 3. d4 exd4 4. Nxd4 Qf6 5. Nb5 Bc5 6. Qe2 Bb6 7. N1c3 a6 8. Nd5 Qd8 9. Nxb6 axb5 10. Nxa8 b6 11. Bf4 d6 12. O-O-O Be6 13. Nxc7+ Qxc7 14. Bxd6 Qa7 15.
Qxb5 Bd7 16. Bc4 Nf6 17. Rhe1 Kd8 18. e5 Ng4 19. e6 fxe6 20. Bxe6 Nxf2 21. Bc7+ Qxc7 22.
Rxd7+ Qxd7 23. Bxd7 Kxd7 24. Qf5+ Kc7 25. Qxf2 Rd8 26.
Qg3+ 1-0

[Event "*** Titled Tuesday Blitz"]
[Site "Chess.com"]
[Date "2020.02.04"]
[Round "7"]
[White "Terao90"]
[Black "FearNoEvil12"]
[Result "1-0"]
[WhiteElo "2424"]
[BlackElo "2046"]
[TimeControl "180+2"]
[EndTime "14:29:17 PST"]
[Termination "Terao90 won by resignation"]

1. e4 a6 2. d4 b5 3. Nc3 Bb7 4. Bd3 e6 5. Nf3 Nf6 6. e5 Nd5 7. O-O h6 8. Re1 g5 9. Ne4 Be7 10. c3 d6 11. a4 bxa4 12. Qxa4+ Nd7 13. h3 Rg8 14. c4 Nb6 15. Qc2 h5 16. c5 dxc5 17.
dxc5 Bxe4 18. Bxe4 Nd5 19. Bxd5 exd5 20. e6 fxe6 21.
Rxe6 Nf8 22. Re2 Qd7 23. Bxg5 Rxg5 24. Nxg5 O-O-O 25. c6 Qd6 26. Rxa6 1-0

[Event "*** Titled Tuesday Blitz"]
[Site "Chess.com"]
[Date "2020.02.04"]
[Round "7"]
[White "Witik"]
[Black "HanSchut"]
[Result "1-0"]
[WhiteElo "2589"]
[BlackElo "2330"]
[TimeControl "180+2"]
[EndTime "14:29:27 PST"]
[Termination "Witik won by resignation"]

1. g4 d5 2. Bg2 c6 3. g5 e5 4. d4 exd4 5. Qxd4 Nd7 6. c4 dxc4 7. Nc3 Ne7 8. Nf3 Nb6 9. Qxd8+ Kxd8 10. Bf4 Ned5 11. O-O-O Ke8 12. Be5 Nxc3 13. Bxc3 Nd5 14. Bd2 Bf5 15. Nd4 c3 16. Nxf5 c2 17. Kxc2 1-0

[Event "*** Titled Tuesday Blitz"]
[Site "Chess.com"]
[Date "2020.02.04"]
[Round "7"]
[White "DenishevM"]
[Black "Teidi96"]
[Result "0-1"]
[WhiteElo "2508"]
[BlackElo "2333"]
[TimeControl "180+2"]
[EndTime "14:30:01 PST"]
[Termination "Teidi96 won by resignation"]

1. e4 c5 2. Nf3 Nc6 3. Bb5 g6 4. O-O Bg7 5. c3 Nf6 6. e5 Nd5 7. d4 cxd4 8. cxd4 O-O 9. Nc3 Nc7 10. Bc4 d5 11. Bb3 Bg4 12. Be3 f6 13. exf6 Rxf6 14. Ne4 Rf8 15. Neg5 h6 16. h3 Bf5 17. g4 Bxg4 18. hxg4 hxg5 19. Kg2 Ne6 20. Qd3 Qd6 21. Rh1 Nf4+ 22. Bxf4 Rxf4 23. Ne5 Rxd4 24. Qxg6 Qxg6 25. Nxg6 Kf7 26. Bc2 Rd2 27. Bf5 e6 28. Bb1 Bxb2 29. Rh7+ Kf6 0-1

[Event "*** Titled Tuesday Blitz"]
[Site "Chess.com"]
[Date "2020.02.04"]
[Round "7"]
[White "HashtagChess"]
[Black "Eloist"]
[Result "0-1"]
[WhiteElo "1619"]
[BlackElo "2234"]
[TimeControl "180+2"]
[EndTime "14:30:10 PST"]
[Termination "Eloist won by resignation"]

1. e4 e6 2. Nf3 d5 3. Nc3 Nf6 4. e5 Nfd7 5. d4 c5 6. dxc5 Nc6 7. Bf4 Bxc5 8. Bd3 f6 9. Qe2 fxe5 10. Bxe5 Ndxe5 11. Nxe5 Nxe5 12. Qxe5 O-O 13. O-O Qf6 14. Qg3 Bd7 15. a3 Qf4 16. Qxf4 Rxf4 17. Rae1 Raf8 18. Nd1 a6 19. b4 Bd6 20. g3 Rf3 21. Be2 Rxa3 22.
c3 d4 23. cxd4 Bxb4 24. Bg4 Bxe1 25. Rxe1 Re8 0-1

[Event "*** Titled Tuesday Blitz"]
[Site "Chess.com"]
[Date "2020.02.04"]
[Round "7"]
[White "cukus"]
[Black "vladimirdamjanovic"]
[Result "0-1"]
[WhiteElo "2471"]
[BlackElo "2623"]
[TimeControl "180+2"]
[EndTime "14:30:17 PST"]
[Termination "vladimirdamjanovic won on time"]

1. e4 c6 2. d4 d5 3. e5 Bf5 4. Nf3 e6 5. Be2 Be7 6. O-O h5 7. a4 g5 8. a5 a6 9. Ne1 Bg6 10. Bd3 Bxd3 11. Nxd3 Nd7 12. Be3 Nf8 13. Nd2 Ng6 14.
c4 h4 15. Qb3 Rb8 16. Nb4 Nh6 17. Rfc1 Nf5 18. cxd5 cxd5 19. Rc2 g4 20. Rac1 g3 21. fxg3 Nxe3 22. h3 Nxc2 23. Rxc2 O-O 24. gxh4 Qxa5 0-1

[Event "*** Titled Tuesday Blitz"]
[Site "Chess.com"]
[Date "2020.02.04"]
[Round "7"]
[White "King_of_the_wing"]
[Black "zurzan"]
[Result "1-0"]
[WhiteElo "2037"]
[BlackElo "1942"]
[TimeControl "180+2"]
[EndTime "14:30:26 PST"]
[Termination "King_of_the_wing won by resignation"]

1. e4 Nf6 2. e5 Nd5 3. d4 d6 4. Nf3 g6 5. Bc4 Nb6 6. Bb3 Bg7 7. Qe2 O-O 8. h3 Nc6 9. O-O dxe5 10.
dxe5 Nd4 11. Nxd4 Qxd4 12. e6 f5 13. Nc3 c6 14. Bg5 Bf6 15. Rad1 Qc5 16. Bxf6 Rxf6 17. Rd8+ Kg7 18. Rfd1 a5 19. a4 Rf8 20. Rxf8 Kxf8 21. Rd8+ Kg7 22. Qd2 Qe5 23. Re8 Bxe6 24. Rxe7+ Kf6 25.
Rxe6+ Qxe6 26. Bxe6 Kxe6 27. Qe3+ 1-0

[Event "*** Titled Tuesday Blitz"]
[Site "Chess.com"]
[Date "2020.02.04"]
[Round "7"]
[White "CzechmVIII"]
[Black "earling8018"]
[Result "1-0"]
[WhiteElo "2193"]
[BlackElo "2054"]
[TimeControl "180+2"]
[EndTime "14:30:28 PST"]
[Termination "CzechmVIII won by checkmate"]

1. e4 e5 2. Nf3 Nc6 3. Bb5 a6 4.
Ba4 Nf6 5. O-O Be7 6. Re1 b5 7. Bb3 d6 8. c3 O-O 9. h3 Nd7 10. d4 Bf6 11. d5 Na5 12. Bc2 Nb6 13. Nbd2 c6 14. dxc6 Qc7 15. Nf1 Qxc6 16. Bg5 Bxg5 17.
Nxg5 Nac4 18. b3 Na3 19. Bd3 Qxc3 20. Rc1 Qa5 21. Ne3 b4 22. Rxc8 Raxc8 23. Nf5 Rc7 24. Qh5 h6 25. Nxh6+ gxh6 26. Qxh6 f6 27. Ne6 Rff7 28.
Re3 Rh7 29. Qf8# 1-0

[Event "*** Titled Tuesday Blitz"]
[Site "Chess.com"]
[Date "2020.02.04"]
[Round "7"]
[White "karinachess1"]
[Black "lilleper1"]
[Result "0-1"]
[WhiteElo "2486"]
[BlackElo "2675"]
[TimeControl "180+2"]
[EndTime "14:30:39 PST"]
[Termination "lilleper1 won on time"]

1. Nf3 c5 2. c4 Nc6 3. d4 cxd4 4. Nxd4 e5 5. Nb5 Nf6 6. N1c3 Bb4 7. a3 Bxc3+ 8. Nxc3 O-O 9. Bg5 h6 10. Bh4 g5 11. Bg3 d6 12. e3 Bf5 13. Be2 Qd7 14.
h4 g4 15. h5 Rad8 16. Bh4 Qe6 17. Nd5 Ne4 18. Bxd8 Rxd8 19. g3 Ng5 20. Rh4 e4 21. Bxg4 Bxg4 22. Rxg4 Ne5 23. Rf4 Nd3+ 24. Kd2 Nxf4 25.
gxf4 Nf3+ 26. Kc2 Rc8 27. b3 b5 28. Nc3 bxc4 29. b4 Kh7 30. Qh1 Rg8 31. Rd1 a5 32. f5 Qxf5 33. Rxd6 Rg1 34. Rd5 Qe6 0-1

[Event "*** Titled Tuesday Blitz"]
[Site "Chess.com"]
[Date "2020.02.04"]
[Round "7"]
[White "Blitzstream"]
[Black "sergiochess83"]
[Result "0-1"]
[WhiteElo "2734"]
[BlackElo "2957"]
[TimeControl "180+2"]
[EndTime "14:30:50 PST"]
[Termination "sergiochess83 won by resignation"]

1. d4 Nf6 2. Bg5 d5 3. e3 c5 4. c3 Nc6 5. Nd2 cxd4 6. exd4 Bf5 7. Ngf3 e6 8. Ne5 Qb6 9. Qb3 Bd6 10. Qxb6 axb6 11.
Bb5 Bxe5 12. dxe5 Nd7 13. f4 Nc5 14. Ke2 O-O 15. Bh4 Na7 16. a4 Nxb5 17. axb5 Bd3+ 18.
Ke3 Bxb5 19. b4 Na4 20. Ra3 Nb2 21. Rha1 Rac8 22. Rb1 Nc4+ 23. Nxc4 Rxc4 24. Be1 f6 25. exf6 Rxf6 26. g3 e5 27. fxe5 Re4+ 28. Kd2 Re2+ 29. Kd1 Rf1 0-1

[Event "*** Titled Tuesday Blitz"]
[Site "Chess.com"]
[Date "2020.02.04"]
[Round "7"]
[White "MateusViageiro"]
[Black "Everyfishknows"]
[Result "0-1"]
[WhiteElo "2180"]
[BlackElo "2318"]
[TimeControl "180+2"]
[EndTime "14:30:50 PST"]
[Termination "Everyfishknows won by resignation"]

1. e4 e5 2. Nf3 Nc6 3. Bb5 a6 4.
Ba4 Nf6 5. Bxc6 dxc6 6. d3 Bd6 7. Nbd2 O-O 8. Nc4 Nd7 9. Ncxe5 Nxe5 10. Nxe5 Bxe5 11. f4 Bd4 12. c3 Bb6 13. Qf3 Qh4+ 14. g3 Qh3 15. f5 Re8 16. Rf1 Qxh2 17. d4 Qc2 18. e5 c5 19. Rf2 Qa4 20. f6 cxd4 21.
fxg7 Rxe5+ 22. Kf1 Rf5 23. Qe4 Qd1+ 24. Kg2 Rxf2+ 25.
Kxf2 dxc3+ 26. Be3 Qd2+ 27. Kf3 Qxe3+ 28. Qxe3 Bxe3 29. Kxe3 c2 30. Rc1 Bf5 31. g4 Bg6 32. Kf4 Rd8 0-1

[Event "*** Titled Tuesday Blitz"]
[Site "Chess.com"]
[Date "2020.02.04"]
[Round "7"]
[White "HouseOfDurin"]
[Black "ChessBitl"]
[Result "0-1"]
[WhiteElo "2097"]
[BlackElo "2353"]
[TimeControl "180+2"]
[EndTime "14:30:53 PST"]
[Termination "ChessBitl won on time"]

1. d4 Nf6 2. Bg5 Ne4 3. h4 c5 4. dxc5 Qa5+ 5. Nd2 Nxd2 6. Qxd2 Qxc5 7. c3 h6 8. Bf4 Nc6 9. e4 d6 10. Be3 Qa5 11.
b4 Qc7 12. a4 Be6 13. Nf3 g6 14. Nd4 Bd7 15. Nb5 Qd8 16. h5 g5 17. Bd4 Nxd4 18.
Qxd4 Rg8 19. Qe3 Bg7 20. Be2 a6 21. Nd4 Rc8 22. O-O Qb6 23. Rfc1 Be5 24. Nf5 Qxe3 25. Nxe3 Rxc3 26. Rxc3 Bxc3 27. Rc1 Bxb4 28. Rb1 a5 29. Nd5 Bxa4 30. Nxb4 axb4 31. Rxb4 Bc6 32. Ba6 Bxe4 33. Bxb7 Bxb7 34. Rxb7 Kf8 35. g4 e6 0-1

[Event "*** Titled Tuesday Blitz"]
[Site "Chess.com"]
[Date "2020.02.04"]
[Round "7"]
[White "francyIM"]
[Black "IakovUlivar"]
[Result "0-1"]
[WhiteElo "2580"]
[BlackElo "2461"]
[TimeControl "180+2"]
[EndTime "14:31:00 PST"]
[Termination "IakovUlivar won by resignation"]

1. d4 d5 2. c4 e6 3. Nc3 a6 4. cxd5 exd5 5. Nf3 Nf6 6. Bg5 Be6 7. Qb3 b5 8. a4 b4 9. Bxf6 Qxf6 10. Nxd5 Qd8 11. e4 c6 12. Qe3 cxd5 13. exd5 Qxd5 14. Rc1 Be7 15. Bc4 Qd6 16. d5 Bc8 17. O-O O-O 18.
b3 Bf6 19. Nd2 Bf5 20. Ne4 Bxe4 21. Qxe4 Nd7 22. Rfe1 Nc5 23. Qe3 Bc3 24. Re2 g6 25. h4 Rae8 26. Qxe8 Rxe8 27. Rxe8+ Kg7 28. Rc2 Nd7 29. Rc8 Ne5 30. Re2 Nxc4 31. Rxc4 Qxd5 32. Re7 Qd1+ 33. Kh2 Qxb3 34. Rcc7 Bf6 35. Re4 Qxa4 36. g3 h5 37. Rb7 a5 38. Rc4 Qa2 39. Rf4 b3 40.
Rb6 b2 0-1

[Event "*** Titled Tuesday Blitz"]
[Site "Chess.com"]
[Date "2020.02.04"]
[Round "7"]
[White "ChainsOfFantasia"]
[Black "Perecke"]
[Result "1-0"]
[WhiteElo "2497"]
[BlackElo "2281"]
[TimeControl "180+2"]
[EndTime "14:31:02 PST"]
[Termination "ChainsOfFantasia won by resignation"]

1. f4 d5 2. Nf3 Nf6 3. b3 g6 4.
Bb2 Bg7 5. e3 O-O 6. Be2 c5 7. O-O Nc6 8. d3 Re8 9. Qe1 Bf5 10. Nbd2 Ng4 11. Bxg7 Kxg7 12. Bd1 e5 13. h3 Nf6 14. Nh4 Bd7 15. Qg3 d4 16. e4 exf4 17.
Rxf4 Ne5 18. Nc4 Nxc4 19. bxc4 Kh8 20. Qf2 Re6 21. e5 Ne8 22. Rxf7 Ng7 23. Bg4 Re7 24.
Nxg6+ hxg6 25. Qh4+ Kg8 26. Qxe7 Qxe7 27. Rxe7 Bxg4 28.
hxg4 1-0